 Dungeon Crawl Stone Soup version 0.22.0-6-g71bd7aa (webtiles) character file.

3 tidbits the Grave Robber (level 1, 1/7 HPs)
             Began as a Felid Necromancer on Aug 14, 2018.
             Quit the game on level 1 of the Dungeon.
             The game lasted 00:00:54 (81 turns).

tidbits the Grave Robber (Felid Necromancer)          Turns: 81, Time: 00:00:55

Health: 1/7        AC:  1    Str:  4    XL:     1   Next: 41%
Magic:  0/4        EV: 18    Int: 16    God:
Gold:   13         SH:  0    Dex: 16    Spells: 3/4 levels left
                                        Lives:  0   Deaths: 0

rFire    . . .     SeeInvis +   (weapon unavailable)
rCold    . . .     Gourm    .   (shield unavailable)
rNeg     . . .     Faith    .   (armour unavailable)
rPois    .         Spirit   .   (helmet unavailable)
rElec    .         Reflect  .   (cloak unavailable)
rCorr    .         Harm     .   (gloves unavailable)
MR       .....                  (boots unavailable)
Stlth    +++.......             (no amulet)
HPRegen  0.02/turn              (no ring)
MPRegen  0.09/turn              (no ring)

@: very slightly contaminated, quick
A: very small, no armour, no weapons or thrown items, stealth, claws 1, fangs 3,
see invisible, carnivore, speed 1, shaggy fur 1, slow metabolism 1, sharp paws
a: no special abilities


You were on level 1 of the Dungeon.
You were not hungry.

You visited 1 branch of the dungeon, and saw 2 of its levels.

You collected 13 gold pieces.

Inventory:

Missiles
 c - 21 arrows
Scrolls
 a - 2 scrolls of remove curse {unknown}
Comestibles
 b - 2 rations


   Skills:
 - Level 2.6 Dodging
 + Level 3.0 Stealth
 + Level 0.5 Unarmed Combat
 - Level 2.0 Spellcasting
 - Level 4.0 Necromancy


You had 3 spell levels left.
You knew the following spells:

 Your Spells              Type           Power        Failure   Level  Hunger
a - Pain                  Necr           ##..         4%          1    #......

Your spell library contained the following spells:

 Spells                   Type           Power        Failure   Level  Hunger
 Animate Dead             Necr           N/A          36%         4    #####..
 Animate Skeleton         Necr           N/A          4%          1    #......
 Vampiric Draining        Necr           ##........   12%         3    ###....
 Regeneration             Chrm/Necr      #.........   26%         3    ###....


Dungeon Overview and Level Annotations

Branches:
Dungeon (2/15)

Altars:


Innate Abilities, Weirdness & Mutations

You cannot wear armour.
You are incapable of wielding weapons or throwing items.
Your paws allow you to move quietly. (Stealth)
You have sharp claws.
You have razor-sharp teeth.
You have supernaturally acute eyesight. (SInv)
You are carnivorous and can eat meat at any time.
You cover ground quickly.
You are covered in fur. (AC +1)
You have a slow metabolism.
Your sharp claws are effective at attacking unaware monsters.


Message History

Will you prevail where others failed? Will you find the Orb of Zot?
Press ? for a list of commands and other information.
Found a scroll labeled ASOMED QARGH.
Found a staircase leading out of the dungeon.
Unknown command.
You see here a scroll labeled ASOMED QARGH.
a - a scroll labeled ASOMED QARGH
Found 13 gold pieces.
You see here 13 gold pieces.
You now have 13 gold pieces.
Found a ration.
A rat comes into view.
Casting: Pain (safe; 4% risk of failure)
Confirm with . or Enter, or press ? or * to list all spells.
Aiming: Pain (safe; 4% risk of failure)
Press: ? - help, Shift-Dir - straight line, f - rat
Aim: a rat (chance to defeat MR: 85%)
The rat writhes in agony!
You kill the rat!
You see here a ration.
b - 2 rations (gained 1)
Found 21 arrows.
You see here 21 arrows.
c - 21 arrows
Found a scroll labeled ASOMED QARGH.
Unknown command.
You found a shaft!
You see here a scroll labeled ASOMED QARGH.
a - 2 scrolls labeled ASOMED QARGH (gained 1)
There is a shaft here.
You fall through a shaft!
The shaft crumbles and collapses. 3 jackals come into view.
Found a falchion, 16 gold pieces and a chain mail.
The helpless jackal fails to defend itself.
You scratch the jackal.
You kill the jackal!
An adder comes into view.
Found a stone staircase leading down.
A rat comes into view.
Found a robe.
You pounce on the unaware helpless jackal!
You claw the jackal!
You kill the jackal!
Your Stealth skill increases to level 3!
Found a quarterstaff.
A bat comes into view.
Found a scroll labeled ONOXOI FAAVIWK.
Found a stone staircase leading up.
Unknown command.
The adder barely misses you.
Unknown command.
There is a stone staircase leading up here.
The adder barely misses you.
You climb upwards.
A goblin comes into view.
The goblin shouts!
The goblin misses you. The goblin closely misses you.
There is a stone staircase leading down here.
Casting: Pain (safe; 4% risk of failure)
Confirm with . or Enter, or press ? or * to list all spells.
Aiming: Pain (safe; 4% risk of failure)
Press: ? - help, Shift-Dir - straight line, f - adder
Aim: an adder (chance to defeat MR: 79%)
The adder barely resists.
The adder completely misses you. The adder bites you.
Ouch! That really hurt!
* * * LOW HITPOINT WARNING * * *
The goblin completely misses you.
Casting: Pain (safe; 4% risk of failure)
Confirm with . or Enter, or press ? or * to list all spells.
Aiming: Pain (safe; 4% risk of failure)
Press: ? - help, Shift-Dir - straight line, f/p - adder
Aim: an adder (chance to defeat MR: 79%)
The adder writhes in agony!
The adder closely misses you. The goblin completely misses you.
Casting: Pain (safe; 4% risk of failure)
Confirm with . or Enter, or press ? or * to list all spells.
Aiming: Pain (safe; 4% risk of failure)
Press: ? - help, Shift-Dir - straight line, f/p - adder
Aim: an adder (lightly wounded, chance to defeat MR: 79%)
You miscast Pain.
You are very lightly contaminated with residual magic.
Strange energies run through your body. The adder bites you but does no damage.
The goblin closely misses you.
You aren't carrying any potions.
Unknown command.
Casting: Pain (safe; 4% risk of failure)
Confirm with . or Enter, or press ? or * to list all spells.
Aiming: Pain (safe; 4% risk of failure)
Press: ? - help, Shift-Dir - straight line, f/p - adder
Aim: an adder (lightly wounded, chance to defeat MR: 79%)
The adder writhes in agony!
The adder closely misses you. The goblin closely misses you.
The adder barely misses you.
You barely miss the adder. Your bite misses the adder.
The adder is heavily wounded.
The adder closely misses you. The goblin misses you.
You scratch the adder.
The adder is severely wounded.
The adder completely misses you. The goblin misses you.
Are you sure you want to abandon this character and quit the game? (Confirm with "yes".)

..... ...
... ...
#.# #.#
#g##.####
#@S......
####.....
... . #.
#. #.


You could see an adder and a goblin.

Vanquished Creatures
  2 jackals (D:2)
  A rat (D:1)
3 creatures vanquished.

Notes
Turn   | Place    | Note
-------+----------+-------------------------------------------
     0 | D:1      | tidbits the Felid Necromancer began the quest for the Orb.
     0 | D:1      | Reached XP level 1. HP: 7/7 MP: 4/4
    59 | D:1      | You fall through a shaft!
    63 | D:2      | Reached skill level 3 in Stealth
    81 | D:1      | Quit the game

Skill      XL: |  1 |
---------------+----+-----
Stealth        | 3 |  3.0
Dodging        | |  2.6
Unarmed Combat | |  0.5
Spellcasting   | |  2.0
Necromancy     | |  4.0

Action                   || total
-------------------------++-------
Melee: Unarmed           ||     4
 Cast: Pain              ||     4
 Stab: Sleeping          ||     2
Armor: Skin              ||     1
Dodge: Dodged            ||    16

Table legend:
 A = Turns spent in this place as a percentage of turns spent in the entire game.
 B = Non-inter-level travel turns spent in this place as a percentage of non-inter-level travel turns spent in the entire game.
 C = Inter-level travel turns spent in this place as a percentage of turns spent in this place.
 D = Turns resting spent in this place as a percentage of non-inter-level travel turns spent in this place.
 E = Turns spent auto-exploring this place as a percentage of non-inter-level travel turns spent in this place.
 F = Non-inter-level travel turns spent in this place divided by the number of levels of this place that you've seen.
                   A       B       C       D       E      F
               +-------+-------+-------+-------+-------+----------------------
         Total | 100.0 | 100.0 |   0.0 |   0.0 |   0.0 |  40.5
       Dungeon | 100.0 | 100.0 |   0.0 |   0.0 |   0.0 |  40.5
               +-------+-------+-------+-------+-------+----------------------

Table legend:
 A = Kills in this place as a percentage of kills in entire the game.
 B = Kills by you in this place as a percentage of kills by you in the entire game.
 C = Kills by friends in this place as a percentage of kills by friends in the entire game.
 D = Other kills in this place as a percentage of other kills in the entire game.
 E = Experience gained in this place as a percentage of experience gained in the entire game.
 F = Experience gained in this place divided by the number of levels of this place that you have seen.
                   A       B       C       D       E      F
               +-------+-------+-------+-------+-------+----------------------
         Total | 100.0 | 100.0 |   N/A |   N/A | 100.0 |   2.5
       Dungeon | 100.0 | 100.0 |   N/A |   N/A | 100.0 |   2.5
               +-------+-------+-------+-------+-------+----------------------

Vault maps used:
D:1:      dpeg_arrival_boxorama
D:2:      bloody_trog
